 Dungeon Crawl Stone Soup version 0.22-a0-305-gd21a89c (webtiles) character file.

11 Amnesiac the Cutter (level 2, -2/19 HPs)
             Began as a Kobold Fighter on Mar 31, 2018.
             Slain by an adder (4 damage)
             ... on level 2 of the Dungeon.
             The game lasted 00:00:39 (83 turns).

Amnesiac the Cutter (Kobold Fighter)                  Turns: 83, Time: 00:00:40

Health: -2/19      AC:  6    Str: 18    XL:     2   Next: 40%
Magic:  2/2        EV:  9    Int:  9    God:
Gold:   0          SH:  9    Dex: 14    Spells: 1/1 levels left

rFire    . . .     SeeInvis .   a - +0 rapier
rCold    . . .     Gourm    .   c - +0 shield
rNeg     . . .     Faith    .   b - +0 scale mail
rPois    .         Spirit   .   (no helmet)
rElec    .         Reflect  .   (no cloak)
rCorr    .         Harm     .   (no gloves)
MR       .....                  (no boots)
Stlth    ..........             (no amulet)
HPRegen  0.06/turn              (no ring)
MPRegen  0.08/turn              (no ring)

@: mighty
A: small, carnivore
a: no special abilities


You were on level 2 of the Dungeon.
You were not hungry.

You visited 1 branch of the dungeon, and saw 2 of its levels.

Inventory:

Hand Weapons
 a - a +0 rapier (weapon)
Armour
 b - a +0 scale mail (worn)
 c - a +0 shield (worn)
Comestibles
 f - a ration


   Skills:
 - Level 3.2 Fighting
 * Level 3.5 Short Blades
 - Level 2.4 Armour
 + Level 1.1 Dodging
 - Level 2.4 Shields


You had one spell level left.
You didn't know any spells.

Dungeon Overview and Level Annotations

Branches:
Dungeon (2/15)

Altars:
Gozag


Innate Abilities, Weirdness & Mutations

You are small and have problems with some larger weapons.
You are carnivorous and can eat meat at any time.


Message History

* * * LOW HITPOINT WARNING * * *
You block the ooze's attack.
You hit the ooze but do no damage. You block the bat's attack. x2
The ooze hits you.
* * * LOW HITPOINT WARNING * * *
You hit the ooze.
The ooze is moderately wounded.
You block the bat's attack. The bat hits you but does no damage.
The ooze closely misses you.
You hit the ooze.
The ooze is moderately wounded.
You block the bat's attack. x2; The ooze barely misses you.
You puncture the ooze!
You kill the ooze!
Your Short Blades skill increases to level 3!
You have reached level 2!
The bat hits you but does no damage. You block the bat's attack.
You puncture the bat!
You kill the bat!
Your Dodging skill increases to level 1!
The goblin hits you but does no damage.
A bat comes into view.
The bat barely misses you. You block the bat's attack.
You hit the bat.
You kill the bat!
The bat barely misses you. x2
You hit the bat.
The bat is heavily wounded.
The bat hits you but does no damage. x2
You hit the bat.
You kill the bat!
You see here a bat corpse.
Found a stone staircase leading down.
There is a stone staircase leading down here.
You block the goblin's attack.
You climb downwards.
An adder comes into view.
The adder hisses angrily.
Found 11 gold pieces.
Found an opulent altar of Gozag.
There is a stone staircase leading up here.
Really quaff
d - a potion of might {!q}?
You feel very mighty all of a sudden. The goblin hits you but does no damage.
You impale the goblin!!
You kill the goblin!
You completely miss the adder. You block the adder's attack.
The adder bites you.
* * * LOW HITPOINT WARNING * * *
You hit the adder.
The adder is heavily wounded.
The adder bites you but does no damage. The adder barely misses you.
You closely miss the adder.
The adder is heavily wounded.
The adder barely misses you.
You closely miss the adder.
The adder is heavily wounded.
The adder bites you but does no damage. x2
Your shield prevents you from hitting the adder.
The adder is heavily wounded.
The adder closely misses you.
You barely miss the adder.
The adder is heavily wounded.
The adder closely misses you. The adder bites you.
You die...

####
####....
###$$$.#
#..$_$.#
#..$$$.#
#S#<.#.#
#@#S.#
#.#..#
#.####
... #..
###. .
..


You could see an adder.

Vanquished Creatures
  An ooze (D:1)
  3 bats (D:1)
  A goblin (D:2)
  A hobgoblin (D:1)
6 creatures vanquished.

Notes
Turn   | Place    | Note
-------+----------+-------------------------------------------
     0 | D:1      | Amnesiac the Kobold Fighter began the quest for the Orb.
     0 | D:1      | Reached XP level 1. HP: 14/14 MP: 1/1
    52 | D:1      | Reached XP level 2. HP: 1/19 MP: 2/2
    53 | D:1      | Reached skill level 1 in Dodging
    72 | D:2      | Found an opulent altar of Gozag.
    83 | D:2      | Slain by an adder

Vault maps used:
D:1:      lightli_arrival_boilingwater, minivault_23
D:2:      makhleb_altar_promises_db, vehumet_crystals,
          nicolae_gozag_seed_capital

Skill      XL: |  1  2 |
---------------+-------+-----
Short Blades   | 3 |  3.5
Dodging        | 1 |  1.1
Fighting       | |  3.2
Armour         | |  2.4
Shields        | |  2.4

Action                   || total
-------------------------++-------
Melee: Rapier            ||    26
  Use: Potion            ||     1
Armor: Scale mail        ||    17
Dodge: Dodged            ||    16
Block: Shield            ||    19

Table legend:
 A = Spawn XP
 B = Non-spawn XP
 C = Spawn XP percentage of total XP
 D = Spawn monster count
 E = Non-spawn monster count
 F = Spawn count percentage of total count
 G = Total turns spent on level
                    A         B        C        D         E        F      G
               +---------+---------+-------+---------+---------+-------+---------
         Total |       0 |      17 |   0.0 |       0 |       6 |   0.0 |    83
               +---------+---------+-------+---------+---------+-------+---------
           D:1 |       0 |      15 |   0.0 |       0 |       5 |   0.0 |    72
           D:2 |       0 |       2 |   0.0 |       0 |       1 |   0.0 |    11
               +---------+---------+-------+---------+---------+-------+---------
